 Dungeon Sprint DCSS version 0.30-a0-354-g6b83867211 (webtiles) character file.

Game seed: 4672025106282255398

42 rocky1 the Covert (level 3, 0/23 HPs)
             Began as a Kobold Brigand on Nov 8, 2022.
             Was a Priest of Cheibriados.
             Slain by a mummy (15 damage)
             ... in the Dungeon (Sprint VII: "The Pits").
             The game lasted 00:01:33 (864 turns).

rocky1 the Covert (Kobold Brigand)                   Turns: 864, Time: 00:01:33

Health: 0/23       AC:  5    Str: 15    XL:     3   Next: 77%
Magic:  3/3        EV: 15    Int: 19    God:    Cheibriados [***...]
Gold:   0          SH:  0    Dex: 25    Spells: 2/2 levels left

rFire   . . .      SeeInvis .    r - +1 dagger (elec)
rCold   + . .      Faith    .    (no shield)
rNeg    . . .      Spirit   .    p - +2 robe {rC+}
rPois   .          Reflect  .    (no helmet)
rElec   .          Harm     .    c - +0 cloak
rCorr   .          Rampage  .    (no gloves)
Will    .....      NoTele   +    (no boots)
Stlth   ++++++....               (no amulet)
HPRegen 0.23/turn                (no ring)
MPRegen 0.08/turn                (no ring)

@: very slow
A: small, no large weapons, nightstalker 3
a: Renounce Religion, Bend Time, Temporal Distortion


You were in the Dungeon.
You worshipped Cheibriados.
Cheibriados was most pleased with you.
You visited 1 branch

Inventory:

Hand Weapons
 a - a +2 dagger
 r - a +1 dagger of electrocution (weapon)
 s - a +1 long sword of flaming
Missiles
 d - 9 poisoned darts (quivered)
 e - 3 curare-tipped darts
Armour
 b - a +0 robe
 c - a +0 cloak (worn)
 p - a +2 robe of cold resistance (worn)
 q - a +3 ring mail
Wands
 o - a wand of polymorph (5)
Scrolls
 k - a scroll of blinking
 m - 5 scrolls of amnesia
 n - a scroll of summoning
Potions
 f - 6 potions of curing
 g - 6 potions of heal wounds
 h - a potion of haste
 i - 4 potions of magic
 j - 2 potions of berserk rage
 l - 2 potions of invisibility


   Skills:
 + Level 3.1 Fighting
 + Level 3.8 Short Blades
 + Level 2.9 Throwing
 + Level 2.1 Dodging
 + Level 9.5 Stealth


You had 2 spell levels left.
You didn't know any spells.
Your spell library was empty.

Dungeon Overview and Level Annotations

Branches:
Dungeon (1/1)

Altars:
Ashenzari
Cheibriados
Dithmenos
Elyvilon
Fedhas
Gozag
Hepliaklqana
Kikubaaqudgha
Makhleb
Nemelex Xobeh
Okawaru
Qazlal
Ru
Sif Muna
Trog
Uskayaw
Vehumet
Wu Jian
Xom
Yredelemnul
Zin
The Shining One
Jiyva
Lugonu


Innate Abilities, Weirdness & Mutations

You are small and have problems with some larger weapons.
You are completely attuned to the shadows.


Message History

Found 5 potions of curing and 5 potions of heal wounds.
You see here a +3 ring mail.
Throw: 9 darts (poison)
Press: ? - help, Q - select action, (/) - cycle Shift-Dir - straight line, f - you
Okay, then.
q - a +3 ring mail You see here a +1 dagger of electrocution.
r - a +1 dagger of electrocution You hear the crackle of electricity.
r - a +1 dagger of electrocution (weapon)
You see here a +1 hand axe of freezing.
You see here a +1 long sword of flaming.
f - 6 potions of curing (gained 5)
g - 6 potions of heal wounds (gained 5)
You see here a +1 long sword of flaming.
s - a +1 long sword of flaming You see here a +1 hand axe of freezing.
There is an open door here.
You see here a +0 club.
There is an open door here.
There is an open door here.
There is an open door, spattered with blood here.
You open the door.
There is an open door here.
You open the door.
A mummy comes into view.
An orc comes into view. It is wielding a +0 hand axe.
There is an open door here.
You hit the mummy.
The mummy is lightly damaged.
The mummy closely misses you.
There is an open door here.
The mummy attacks as you move away! The mummy hits you!
You barely miss the mummy.
The mummy is lightly damaged.
You barely miss the mummy.
The mummy is lightly damaged.
The mummy hits you!
Ouch! That really hurt!
You die...

#.?(.')))'.##.....
##########.##.....
#...........'.....
#'#####'#####.....
#.#...#.#..##.....
#.#...#.#.)#####'#
#.#...'.#))##.....
#.##'####.)##.....
#@#....÷#.[##.....
#M#÷...)#'###...<.
#.#........##.....
#.#........##.....
#'###########.....
#...... ######
#...... #...#..
#.o## .


You could see a mummy.

Vanquished Creatures
  Jessica (D)
  A river rat (D)
  2 ball pythons (D)
  An endoplasm (D)
  A hobgoblin (D)
  A ball python zombie (D)
  A bat (D)
  A frilled lizard (D)
9 creatures vanquished.

Notes
Turn   | Place    | Note
-------+----------+-------------------------------------------
     0 | D        | rocky1 the Kobold Brigand began the quest for the Orb.
     0 | D        | Reached XP level 1. HP: 12/12 MP: 1/1
    15 | D        | Reached skill level 6 in Stealth
    18 | D        | Found a bloodstained altar of Trog.
    18 | D        | Found a shimmering blue altar of Sif Muna.
    18 | D        | Found a viscous altar of Jiyva.
    18 | D        | Found a hazy altar of Hepliaklqana.
    18 | D        | Found an opulent altar of Gozag.
    19 | D        | Found a glowing golden altar of the Shining One.
    19 | D        | Found a glowing silver altar of Zin.
    19 | D        | Found a sacrificial altar of Ru.
    19 | D        | Found a stormy altar of Qazlal.
    19 | D        | Found a blossoming altar of Fedhas.
    22 | D        | Found an iron altar of Okawaru.
    22 | D        | Found a basalt altar of Yredelemnul.
    22 | D        | Found a white marble altar of Elyvilon.
    23 | D        | Found a sparkling altar of Nemelex Xobeh.
    23 | D        | Found a shimmering altar of Xom.
    23 | D        | Found a shadowy altar of Dithmenos.
    24 | D        | Found a burning altar of Makhleb.
    24 | D        | Found an ornate altar of the Wu Jian Council.
    24 | D        | Found a snail-covered altar of Cheibriados.
    25 | D        | Found a corrupted altar of Lugonu.
    25 | D        | Found a radiant altar of Vehumet.
    26 | D        | Found an ancient bone altar of Kikubaaqudgha.
    26 | D        | Found a hide-covered altar of Uskayaw.
    26 | D        | Found a broken altar of Ashenzari.
    32 | D        | Became a worshipper of Cheibriados the Contemplative
    81 | D        | Reached skill level 7 in Stealth
    81 | D        | Reached XP level 2. HP: 14/18 MP: 2/2
   435 | D        | Reached * piety under Cheibriados
   445 | D        | Reached ** piety under Cheibriados
   446 | D        | Noticed Jessica
   452 | D        | Reached *** piety under Cheibriados
   453 | D        | Reached skill level 8 in Stealth
   459 | D        | Killed Jessica
   460 | D        | Reached skill level 9 in Stealth
   460 | D        | Reached XP level 3. HP: 23/23 MP: 3/3
   864 | D        | Slain by a mummy

Illustrated notes

Levels and vault maps discovered:
D:        pitsprint [storerooms_1, entrance_room_1, metal_vault_8, armoury_3,
          mini_pit_1, grid_room_1, main_hall_1, silver_pit, the_coven_1,
          the_vestibule_1, steel_vault_3, golden_pit, hallway_of_sentries,
          crystal_vault_4, iron_vault_5, final_vault]

Skill      XL: |  1  2 |
---------------+-------+-----
Stealth        | 7 9 |  9.5
Short Blades   | 3 |  3.8
Fighting       | 3 |  3.1
Dodging        | 2 |  2.1
Throwing       | |  2.9

Action                   || total
-------------------------++-------
Melee: Dagger            ||    30
  Use: Potion            ||     1
 Stab: Sleeping          ||     4
Armor: Robe              ||     2
       Skin              ||     4
Dodge: Dodged            ||    13

Table legend: (Time is in decaauts)
 A = Elapsed time spent in this place.
 B = Non-inter-level travel time spent in this place.
 C = Inter-level travel time spent in this place.
 D = Time resting spent in this place.
 E = Time spent auto-exploring this place.
 F = Levels seen in this place.
 G = Mean time per level.
                   A        B        C        D        E       F      G
               +--------+--------+--------+--------+--------+-----+--------+
         Total |    923 |    895 |     28 |    688 |      0 |   1 |  923.0 |
       Dungeon |    923 |    895 |     28 |    688 |      0 |   1 |  923.0 |
               +--------+--------+--------+--------+--------+-----+--------+

Top non-repeatable levels by time:
       D: 923 daAuts
